 Dungeon Crawl Stone Soup version 0.21-a0-584-g185da8e (webtiles) character file.

156 vishdafish the Charmwright (level 5, -6/38 HPs)
             Began as a Demonspawn Skald on Dec 20, 2017.
             Mangled by a worker ant (7 damage)
             ... on level 3 of the Dungeon.
             The game lasted 00:04:42 (2373 turns).

vishdafish the Charmwright (Demonspawn Skald)       Turns: 2373, Time: 00:04:42

Health: -6/38      AC:  3    Str: 11    XL:     5   Next: 15%
Magic:  6/8        EV: 12    Int: 16    God:
Gold:   44         SH:  3    Dex: 12    Spells: 7/8 levels left

rFire    + . .     SeeInvis .   u - +0 trident
rCold    + + .     Gourm    .   (no shield)
rNeg     . . .     Faith    .   b - +0 leather armour
rPois    +         Spirit   .   (helmet restricted)
rElec    +         Reflect  +   (no cloak)
rCorr    +         Harm     .   (no gloves)
MR       .....                  (no boots)
Stlth    +.........             l - +3 amulet of reflection
HPRegen  0.12/turn              e - ring of ice
MPRegen  0.11/turn              (no ring)

@: lethally poisoned (-6 -> -17), resistant, infused, very slightly
contaminated, invisible
A: horns 1, fire resistance 1, spiny 1
a: no special abilities


You were on level 3 of the Dungeon.
You were not hungry.

You visited 1 branch of the dungeon, and saw 4 of its levels.

You collected 44 gold pieces.

Inventory:

Hand Weapons
 a - a +0 spear
 u - a +0 trident (weapon)
Armour
 b - a +0 leather armour (worn)
Jewellery
 e - a ring of ice (left hand)
 l - a +3 amulet of reflection (around neck)
Wands
 r - a wand of random effects (23)
Scrolls
 g - a scroll of teleportation {unknown}
 h - a scroll of remove curse {unknown}
 k - 2 scrolls of noise {unknown}
 m - a scroll of blinking {unknown}
 o - a scroll of enchant armour {unknown}
 s - a scroll of amnesia {unknown}
Potions
 f - a potion of agility {unknown}
 q - a potion of berserk rage {unknown}
Books
 c - a book of Battle

   Spells                             Type                      Level
   a - Infusion                       Charms                       1
   b - Shroud of Golubria             Charms/Translocation         2
   c - Song of Slaying                Charms                       2
   d - Spectral Weapon                Hexes/Charms                 3
   e - Regeneration                   Charms/Necromancy            3
Comestibles
 d - 4 rations


   Skills:
 - Level 2.0 Fighting
 * Level 3.3 Polearms
 + Level 2.1 Armour
 + Level 2.6 Dodging
 - Level 2.0 Spellcasting
 + Level 3.4 Charms


You had 7 spell levels left.
You knew the following spells:

 Your Spells              Type           Power        Failure   Level  Hunger
a - Infusion              Chrm           ##..         7%          1    #......


Dungeon Overview and Level Annotations

Branches:
Dungeon (4/15)
 Temple: D:4-7

Altars:

Shops:
D:4 [


Innate Abilities, Weirdness & Mutations

You have a pair of small horns on your head.
Your flesh is heat resistant. (rF+)
You are partially covered in sharp spines.


Message History

The worker ant bites you.
* * * LOW HITPOINT WARNING * * *
You closely miss the worker ant.
You feel sick. The worker ant bites you.
* * * LOW HITPOINT WARNING * * *
You are more poisoned.
The worker ant poisons you!
It was a potion of invisibility.
You fade into invisibility!
* * * LOW HITPOINT WARNING * * *
You feel sick. The worker ant barely misses you.
You are very lightly contaminated with residual magic.
* * * LOW HITPOINT WARNING * * *
You feel sick.
The worker ant is struck by your spines.
The worker ant barely misses you.
It was a potion of resistance.
You feel protected.
* * * LOW HITPOINT WARNING * * *
You feel sick. The worker ant bites you!
You die...

#######.####### #.......#
#. #.#####.# .. #.# #.#
#.####.# #%#
##.#####...#..# #.#
#........#..#.## #.#
#..#...........# #.#
#..#.###........
####)#######....@a5.......#
.........)÷.....###>####.(
####.###.######## #...# #.#
#.# #(..# ###.# #.# #)..#
##...###.# ####.÷.#### #
.........#
##.........####.##.
##.#####...
.................... ##.#
#.## ###....(....####.##.


You could see a worker ant and a crimson imp.

Vanquished Creatures
  A scorpion (D:3)
  4 adders
  2 oozes
  3 worms
  A dart slug (D:1)
  A leopard gecko (D:3)
  2 orcs (D:3)
  A ball python (D:3)
  6 goblins
  8 hobgoblins
  2 jackals (D:1)
  8 kobolds
  A quokka (D:2)
  7 bats
  A frilled lizard (D:2)
  6 rats
54 creatures vanquished.

Notes
Turn   | Place    | Note
-------+----------+-------------------------------------------
     0 | D:1      | vishdafish the Demonspawn Skald began the quest for the Orb.
     0 | D:1      | Reached XP level 1. HP: 16/16 MP: 3/3
    14 | D:1      | Reached skill level 1 in Armour
    56 | D:1      | Gained mutation: You have a pair of small horns on your head. [demonic ancestry]
    56 | D:1      | Reached XP level 2. HP: 21/22 MP: 5/5
   697 | D:1      | Reached XP level 3. HP: 27/27 MP: 6/6
  1606 | D:2      | Gained mutation: Your flesh is heat resistant. (rF+) [demonic ancestry]
  1606 | D:2      | Reached XP level 4. HP: 30/33 MP: 2/7
  2336 | D:4      | Found Nauxo's Antique Armour Emporium.
  2367 | D:3      | Gained mutation: You are partially covered in sharp spines. [demonic ancestry]
  2367 | D:3      | Reached XP level 5. HP: 19/38 MP: 5/8
  2373 | D:3      | HP: 1/38 [poisoned by a worker ant]
  2373 | D:3      | Mangled by a worker ant

Vault maps used:
D:1:      evilmike_arrival_run_for_it
D:2:      first_ration, kennysheep_minor_cross, minmay_tromino_v2
D:3:      minmay_overflow_temple_hex
D:4:      serial_shops, shop, nicolae_shop_trees, kennysheep_mini_moat, shop,
          nicolae_shop_stone, uniq_robin

Skill      XL: |  1  2  3  4 |
---------------+-------------+-----
Polearms       | 2 3 |  3.3
Armour         | 1 2 |  2.1
Dodging        | 2 |  2.6
Charms         | 3 |  3.4
Fighting       | |  2.0
Spellcasting   | |  2.0

Action                   |  1- 3 |  4- 6 || total
-------------------------+-------+-------++-------
Melee: Spear             |   107 |    48 ||   155
       Headbutt          |     6 |     9 ||    15
       Trident           |       |    30 ||    30
 Cast: Infusion          |     5 |     4 ||     9
  Use: Potion            |       |     6 ||     6
 Stab: Sleeping          |     1 |       ||     1
  Eat: Chunk             |     2 |     3 ||     5
Armor: Leather armour    |    21 |    17 ||    38
Dodge: Dodged            |    69 |    44 ||   113
Block: Other             |       |    14 ||    14
       Reflection        |       |     1 ||     1

Table legend:
 A = Spawn XP
 B = Non-spawn XP
 C = Spawn XP percentage of total XP
 D = Spawn monster count
 E = Non-spawn monster count
 F = Spawn count percentage of total count
 G = Total turns spent on level
                    A         B        C        D         E        F      G
               +---------+---------+-------+---------+---------+-------+---------
         Total |       0 |     224 |   0.0 |       0 |      54 |   0.0 |  2373
               +---------+---------+-------+---------+---------+-------+---------
           D:1 |       0 |      46 |   0.0 |       0 |      22 |   0.0 |   925
           D:2 |       0 |      62 |   0.0 |       0 |      16 |   0.0 |   941
           D:3 |       0 |     116 |   0.0 |       0 |      16 |   0.0 |   482
               +---------+---------+-------+---------+---------+-------+---------
